Selects Australian Defense Battlegroup
Selects Australian Light Infantry Section
Australian Light Infantry Section
Australian Light Infantry Section
Construct Section Command Post
Construct Field Infirmary
Construct Platoon Command Post
Unlock Bishop Self-propelled Artillery
Selects CMP 15cwt Supply Run
Selects Reinforced Resource Caches
Bishop Self-propelled Artillery
6-pounder Anti-tank Gun Team
Bishop Self-propelled Artillery
6-pounder Anti-tank Gun Team
Selects Charged Creeping Barrage
Construct Company Command Post
Unlock M3 Grant Medium Tanks